 Dungeon Crawl Stone Soup version 0.29.1-1-gd02db6906a (webtiles) character file.

Game seed: 804775607832335816

80 sankara the Chopper (level 4, -9/40 HPs)
             Began as a Hill Orc Fighter on Oct 20, 2022.
             Mangled by an ogre
             ... wielding a +0 giant spiked club
              (30 damage)
             ... on level 4 of the Dungeon.
             The game lasted 00:03:31 (2607 turns).

sankara the Chopper (Hill Orc Fighter)              Turns: 2607, Time: 00:03:32

Health: -9/40      AC: 14    Str: 18    XL:     4   Next: 39%
Magic:  4/4        EV:  5    Int:  8    God:
Gold:   76         SH:  4    Dex: 12    Spells: 3/3 levels left

rFire   . . .      SeeInvis .   a - +0 war axe
rCold   . . .      Faith    .   c - +0 buckler
rNeg    . . .      Spirit   .   u - +0 plate armour
rPois   .          Reflect  .   (no helmet)
rElec   .          Harm     .   s - +0 cloak
rCorr   +          Rampage  .   (no gloves)
Will    .....                   b - +0 pair of boots
Stlth   ..........              (no amulet)
HPRegen 0.13/turn               p - ring of resist corrosion
MPRegen 0.09/turn               (no ring)

@: no status effects
A: no striking features
a: no special abilities


You were on level 4 of the Dungeon.
You visited 1 branch of the dungeon, and saw 4 of its levels.

You collected 76 gold pieces.

Inventory:

Hand Weapons
 a - a +0 war axe (weapon)
Missiles
 h - 5 atropa-tipped darts (quivered)
 m - 16 stones
 q - 6 boomerangs
Armour
 b - a +0 pair of boots (worn)
 c - a +0 buckler (worn)
 s - a +0 cloak (worn)
 u - a +0 plate armour (worn)
Jewellery
 p - a ring of resist corrosion (left hand)
 r - an amulet of faith
Scrolls
 f - 5 scrolls of identify {unknown}
 g - a scroll of poison {unknown}
 i - a scroll of amnesia {unknown}
 k - a scroll of vulnerability {unknown}
 l - a scroll of noise {unknown}
 n - a scroll of teleportation {unknown}
 o - a scroll of enchant armour {unknown}
 t - a scroll of enchant weapon {unknown}
Potions
 d - 2 potions of might
 e - a potion of flight {unknown}
 j - a potion of mutation {unknown}
 v - 2 potions of ambrosia {unknown}
 w - a potion of brilliance {unknown}
 x - a potion of heal wounds {unknown}


   Skills:
 + Level 4.2 Fighting
 * Level 4.3 Axes
 + Level 3.8 Armour
 + Level 3.8 Shields


You had 3 spell levels left.
You didn't know any spells.
Your spell library contained the following spells:

 Spells                   Type           Power      Damage    Failure   Level
 Foxfire                  Conj/Fire      0%         2x1d4     100%        1
 Conjure Flame            Conj/Fire      0%         6-21      100%        3
 Gell's Gravitas          Tloc           0%         N/A       100%        3
 Inner Flame              Hex/Fire       0%         N/A       100%        3
 Teleport Other           Tloc           0%         N/A       100%        3
 Animate Dead             Necr           0%         N/A       100%        4
 Flame Wave               Conj/Fire      0%         2d4       100%        4
 Borgnjor's Vile Clutch   Necr/Erth      0%         N/A       100%        5
 Death Channel            Necr           0%         N/A       100%        6
 Dispersal                Tloc           0%         N/A       100%        6
 Disjunction              Tloc           0%         N/A       100%        8


Dungeon Overview and Level Annotations

Branches:
Dungeon (4/15)
 Temple: D:4-7

Altars:
Nemelex Xobeh

Shops:
D:1 *   D:2 *


Message History

Done exploring.
Done exploring.
Done exploring.
Done exploring.
Done exploring.
(D) Dungeon
Where to? (Enter - D:3 @ (x,y), ? - help)
There is a stone staircase leading down here.
You climb downwards.
There is a stone staircase leading up here.
An adder comes into view.
The adder hisses angrily.
An adder is nearby!
An adder is nearby!
You closely miss the adder.
The adder bites you but does no damage. x2
You barely miss the adder. The adder bites you but does no damage.
You block the adder's attack.
You miss the adder. The adder bites you but does no damage.
You miss the adder. The adder bites you. You block the adder's attack.
You barely miss the adder. The adder bites you.
The adder bites you but does no damage.
You slash the adder!
You kill the adder!
No target in view!
No target in view!
No target in view!
No target in view!
HP restored.
An ogre comes into view. It is wielding a +0 giant spiked club.
The ogre shouts!
An ogre is nearby!
Found a robe.
An ogre is nearby!
Found a long sword.
The ogre hits you with a +0 giant spiked club!!
You hit the ogre.
The ogre is lightly wounded.
The ogre hits you with a +0 giant spiked club!!
Ouch! That really hurt!
You die...

## .## #. ######..##..
#####.....# ...####
##...<.....##.......
................#....#
##............##...#
#............#...##.#
#.........†..@O.....#
##..................#
....................#
...######..........[#
.. ..............
###.###........ #.
#.......# .. ##.###..)


You could see an ogre.

Vanquished Creatures
  2 adders
  2 worms (D:3)
  4 dart slugs
  2 endoplasms (D:1)
  4 giant cockroaches
  2 goblins (D:2)
  4 hobgoblins
  3 quokkas
  7 ball pythons
  5 bats
  4 frilled lizards
  3 kobolds (D:1)
  9 rats
51 creatures vanquished.

Notes
Turn   | Place    | Note
-------+----------+-------------------------------------------
     0 | D:1      | sankara the Hill Orc Fighter began the quest for the Orb.
     0 | D:1      | Reached XP level 1. HP: 19/19 MP: 1/1
   114 | D:1      | Reached XP level 2. HP: 19/27 MP: 2/2
   595 | D:1      | Found Fywidas's Assorted Antiques.
   681 | D:1      | Reached XP level 3. HP: 33/33 MP: 3/3
   966 | D:2      | Found Zooqir's General Store.
  1244 | D:2      | Found a faded altar of an unknown god.
  1296 | D:2      | Identified the +4 dagger of Valiance {speed, rF++ Str+2
                  | Dex+5}
  2010 | D:3      | Reached XP level 4. HP: 34/40 MP: 4/4
  2283 | D:3      | Found a sparkling altar of Nemelex Xobeh.
  2604 | D:4      | Noticed an ogre
  2607 | D:4      | Mangled by an ogre

Illustrated notes

Levels and vault maps discovered:
D:1:      onia_arrival_pentagram, layout_loops_ring, serial_shops,
          nicolae_shop_behind_doors
D:2:      layout_loops_corners, serial_shops, nicolae_shop_crystal,
          shapermc_ecumenical_altar_mp_ritualfount
D:3:      layout_loops_cross, lemuel_doored_altar
D:4:      layout_rooms, mainiacjoe_overflow_cross_hatched,
          lemuel_temple_firewalk_b, item_on_display_a, uniq_pikel

Skill      XL: |  1  2  3 |
---------------+----------+-----
Axes           | 3 4 |  4.3
Fighting       | 4 |  4.2
Armour         | |  3.8
Shields        | |  3.8

Action                   |  1- 3 |  4- 6 || total
-------------------------+-------+-------++-------
Melee: War axe           |   102 |    25 ||   127
Armor: Scale mail        |    55 |       ||    55
       Plate armour      |       |    12 ||    12
Dodge: Dodged            |    45 |     5 ||    50
Block: Buckler           |    30 |     7 ||    37
